 Dungeon Crawl Stone Soup version 0.26-a0-540-g8a0c9464d7 (webtiles) character file.

Game seed: 13280092811683211145

53 vurker the Covert (level 3, -6/35 HPs)
             Began as a Gnoll Delver on Aug 24, 2020.
             Mangled by a gnoll
             ... wielding a +0 flail
              (7 damage)
             ... on level 4 of the Dungeon.
             The game lasted 00:01:51 (1129 turns).

vurker the Covert (Gnoll Delver)                    Turns: 1129, Time: 00:01:52

Health: -6/35      AC:  3    Str: 14    XL:     3   Next: 89%
Magic:  0/4        EV: 14    Int: 13    God:
Gold:   21         SH:  0    Dex: 16    Spells: 4/4 levels left

rFire    . . .     SeeInvis .   a - +0 mace
rCold    . . .     Faith    .   (no shield)
rNeg     . . .     Spirit   +   b - +0 leather armour
rPois    .         Reflect  .   (no helmet)
rElec    .         Harm     .   (no cloak)
rCorr    .                      (no gloves)
MR       .....                  (no boots)
Stlth    ++++......             i - amulet of guardian spirit
HPRegen  0.11/turn              (no ring)
MPRegen  0.09/turn              (no ring)

@: no status effects
A: distributed training, fangs 1, strong nose
a: no special abilities


You were on level 4 of the Dungeon.
You visited 1 branch of the dungeon, and saw 3 of its levels.

You collected 21 gold pieces.

Inventory:

Hand Weapons
 a - a +0 mace (weapon)
Armour
 b - a +0 leather armour (worn)
Jewellery
 i - an amulet of guardian spirit (around neck)
   (You found it on level 5 of the Dungeon)
Wands
 v - a wand of digging (3)
 x - a wand of acid (10)
   (You found it on level 5 of the Dungeon)
Scrolls
 c - a scroll of fog
 d - a scroll of magic mapping
 e - a scroll of fear
 g - a scroll of noise {unknown}
 k - a scroll of enchant weapon {unknown}
 m - a scroll of identify {unknown}
Potions
 f - a potion of haste
 h - 2 potions of curing {unknown}
 j - a potion of might {unknown}
 l - a potion of berserk rage {unknown}


   Skills:
 + Level 6.5 Fighting
 + Level 1.0 Short Blades
 + Level 1.0 Long Blades
 + Level 1.0 Axes
 + Level 4.6 Maces & Flails
 + Level 1.0 Polearms
 + Level 1.0 Staves
 + Level 1.0 Slings
 + Level 1.0 Bows
 + Level 1.0 Crossbows
 + Level 1.0 Throwing
 + Level 1.0 Armour
 + Level 4.6 Dodging
 + Level 9.5 Stealth
 + Level 1.0 Shields
 + Level 1.0 Unarmed Combat
 + Level 1.0 Spellcasting
 + Level 0.7 Conjurations
 + Level 0.7 Hexes
 + Level 0.7 Summonings
 + Level 0.7 Necromancy
 + Level 0.7 Translocations
 + Level 0.7 Transmutations
 + Level 0.7 Fire Magic
 + Level 0.7 Ice Magic
 + Level 0.7 Air Magic
 + Level 0.7 Earth Magic
 + Level 0.7 Poison Magic
 + Level 1.0 Invocations
 + Level 1.0 Evocations


You had 4 spell levels left.
You didn't know any spells.
Your spell library was empty.

Dungeon Overview and Level Annotations

Branches:
Dungeon (5/15)
 Temple: D:4-7

Altars:


Innate Abilities, Weirdness & Mutations

Your experience applies equally to all skills.
You have very sharp teeth.
Your uncanny sense of smell can sniff out nearby items.


Message History

The gnoll shouts!
You hear a shout! x2
A gnoll comes into view. It is wielding a +0 club.
A gnoll comes into view. It is wielding a +0 whip.
The gnoll shouts!
The gnoll shouts!
The gnoll hits you with a +0 flail!
You hit the gnoll but do no damage. The gnoll barely misses you.
A gnoll shaman comes into view. It is wielding a +0 club.
A gnoll comes into view. It is wielding a +0 spear.
The gnoll shaman calls upon its god to speed up the gnoll.
The gnoll seems to speed up.
You hear a shout!
The gnoll shaman calls upon its god to speed up the gnoll.
The gnoll seems to speed up.
The gnoll misses you. The gnoll closely misses you.
The gnoll hits you with a +0 flail. The gnoll barely misses you.
The gnoll closely misses you. The gnoll hits you with a +0 flail.
The gnoll hits you with a +0 flail!
* * * LOW HITPOINT WARNING * * *
Unknown command.
The gnoll closely misses you. The gnoll hits you with a +0 flail.
* * * LOW HITPOINT WARNING * * *
There is an escape hatch in the floor here.
You see here a leather armour.
The gnoll misses you.
You see here a jackal skeleton.
The gnoll hits you with a +0 flail.
* * * LOW HITPOINT WARNING * * *
Things that are here:
a jackal skeleton; a bat skeleton The gnoll closely misses you.
The gnoll completely misses you.
There is a stone staircase leading down here.
The gnoll hits you with a +0 flail.
* * * LOW HITPOINT WARNING * * *
You climb downwards.
There is a stone staircase leading up here.
You sock the gnoll! The gnoll hits you with a +0 flail!
* * * LOW HITPOINT WARNING * * *
You barely miss the gnoll. The gnoll hits you with a +0 flail.
* * * LOW HITPOINT WARNING * * *
The gnoll barely misses you.
You barely miss the gnoll. The gnoll barely misses you.
You barely miss the gnoll. Your bite misses the gnoll.
The gnoll hits you with a +0 flail!
You die...

#. .......# #.
#..##.###
##.#####.......#####
..#................
#.#.# #......#
#.#.####.....##
######............#
∆.........g###....##
.......#.@# ##.#.#
########..####.#.#
#............#.#
#.####.#####.#.# #.#
#.# #.#.# #######
#.# #.#
#.#.###...... #.#
#.# #.#..........
#.# #.#
#.#.###.##### #.#
#.#####.#..(..#


You could see a gnoll (fast).

Vanquished Creatures
  A centaur skeleton (D:5)
  A white imp (D:5)
  2 worms (D:3)
  A dart slug (D:4)
  4 jackals (D:3)
  A quokka (D:5)
  A bat (D:3)
11 creatures vanquished.

Notes
Turn   | Place    | Note
-------+----------+-------------------------------------------
     0 | D:5      | Reached skill level 9 in Stealth
     0 | D:5      | vurker the Gnoll Delver began the quest for the Orb.
     0 | D:5      | Reached XP level 1. HP: 23/23 MP: 1/1
    98 | D:5      | Reached XP level 2. HP: 12/29 MP: 0/2
   387 | D:5      | Reached XP level 3. HP: 23/35 MP: 1/4
   544 | D:5      | Noticed an ogre
   576 | D:4      | Reached skill level 1 in Invocations
   907 | D:3      | Reached skill level 1 in Short Blades
   907 | D:3      | Reached skill level 1 in Long Blades
   907 | D:3      | Reached skill level 1 in Axes
   907 | D:3      | Reached skill level 1 in Polearms
   907 | D:3      | Reached skill level 1 in Staves
   907 | D:3      | Reached skill level 1 in Slings
   907 | D:3      | Reached skill level 1 in Bows
   907 | D:3      | Reached skill level 1 in Crossbows
   907 | D:3      | Reached skill level 1 in Throwing
   907 | D:3      | Reached skill level 1 in Armour
   907 | D:3      | Reached skill level 1 in Shields
   907 | D:3      | Reached skill level 1 in Unarmed Combat
   907 | D:3      | Reached skill level 1 in Spellcasting
   907 | D:3      | Reached skill level 1 in Evocations
  1127 | D:4      | HP: 1/35 [gnoll/+0 flail (3)]
  1129 | D:4      | Mangled by a gnoll

Illustrated notes

Levels and vault maps discovered:
D:3:      layout_loops_ring, marbit_many_paths, item_on_display_a
D:4:      layout_loops_ring, uniq_grinder
D:5:      layout_basic, cheibrodos_sewer_entry_bend, kennysheep_small_square,
          uniq_pikel, uniq_sigmund

Skill      XL: |  1  2  3 |
---------------+----------+-----
Stealth        | |  9.5
Invocations    | 1 |  1.0
Short Blades   | 1 |  1.0
Long Blades    | 1 |  1.0
Axes           | 1 |  1.0
Polearms       | 1 |  1.0
Staves         | 1 |  1.0
Slings         | 1 |  1.0
Bows           | 1 |  1.0
Crossbows      | 1 |  1.0
Throwing       | 1 |  1.0
Armour         | 1 |  1.0
Shields        | 1 |  1.0
Unarmed Combat | 1 |  1.0
Spellcasting   | 1 |  1.0
Evocations     | 1 |  1.0
Fighting       | |  6.5
Maces & Flails | |  4.6
Dodging        | |  4.6
Conjurations   | |  0.7
Hexes          | |  0.7
Summonings     | |  0.7
Necromancy     | |  0.7
Translocations | |  0.7
Transmutations | |  0.7
Fire Magic     | |  0.7
Ice Magic      | |  0.7
Air Magic      | |  0.7
Earth Magic    | |  0.7
Poison Magic   | |  0.7

Action                   || total
-------------------------++-------
Melee: Mace              ||    63
       Bite              ||     5
 Stab: Distracted        ||     1
       Sleeping          ||     1
Armor: Leather armour    ||     9
Dodge: Dodged            ||    49

Table legend: (Time is in decaauts)
 A = Elapsed time spent in this place.
 B = Non-inter-level travel time spent in this place.
 C = Inter-level travel time spent in this place.
 D = Time resting spent in this place.
 E = Time spent auto-exploring this place.
 F = Levels seen in this place.
 G = Mean time per level.
                   A        B        C        D        E       F      G
               +--------+--------+--------+--------+--------+-----+--------+
         Total |   1140 |   1132 |      8 |      0 |    931 |   3 |  380.0 |
       Dungeon |   1140 |   1132 |      8 |      0 |    931 |   3 |  380.0 |
               +--------+--------+--------+--------+--------+-----+--------+

Top non-repeatable levels by time:
     D:5: 557 daAuts
     D:3: 424 daAuts
     D:4: 157 daAuts
